 Dungeon Sprint DCSS version 0.29-a0-384-g6960b1960d (webtiles) character file.

Game seed: 11160398595078343711

11840 greenreed the Warrior (level 11, -6/126 HPs)
             Began as a Minotaur Fighter on May 6, 2022.
             Was the Champion of Wu Jian.
             Mangled by a nargun (7 damage)
             ... while petrified by a nargun
             ... in the Dungeon (Sprint V: "Ziggurat Sprint").
             The game lasted 00:22:39 (1218 turns).

greenreed the Warrior (Minotaur Fighter)            Turns: 1218, Time: 00:22:39

Health: -6/126     AC: 29    Str: 28    XL:     11   Next: 54%
Magic:  10/10      EV: -1    Int:  5    God:    Wu Jian [******]
Gold:   0          SH:  0    Dex: 24    Spells: 10/10 levels left

rFire   + + +      SeeInvis .   D - +7 great mace "Firestarter" {inner flame, rF++}
rCold   + + .      Faith    .   (shield currently unavailable)
rNeg    + + +      Spirit   .   H - +5 gold dragon scales
rPois   ∞          Reflect  +   (helmet restricted)
rElec   .          Harm     .   (no cloak)
rCorr   +          Rampage  .   (no gloves)
Will    +....      NoTele   +   W - +2 pair of boots {Fly}
Stlth   ..........              S - amulet "Isef" {Reflect Dex+3 SH+5 Stlth+}
HPRegen 0.31/turn               n - ring of Tuwutesay {rC+ Will+ rCorr Dex+6}
MPRegen 0.12/turn               O - ring of the Meadowlark {+Blink Fly Str+4 Dex+4 Stlth+}

@: petrified, in a heavenly storm, flying, hasted, glowing, constricted
A: horns 2, retaliatory headbutt
a: Renounce Religion, Evoke Blink, Wall Jump, Serpent's Lash, Heavenly Storm


You were in the Dungeon.
You worshipped Wu Jian.
Wu Jian was exalted by your worship.
You visited 1 branch

Inventory:

Hand Weapons
 a - a +0 war axe
 D - the +7 great mace "Firestarter" (weapon) {inner flame, rF++}
   (You found it in the Dungeon)

   It burns those it strikes, dealing additional fire damage.
   It fills those it strikes with an explosive inner flame.
   It grants immunity to clouds of flame.
   rF:        It greatly protects you from fire.
 E - the +7 mace of Variability {chain chaos}
   (You found it in the Dungeon)

   Each time it hits an enemy it has a different, random effect.
   It occasionally unleashes arcs of chaos on nearby creatures upon striking a
   foe.
 F - the +6 shillelagh "Devastator" {shatter}
   (You found it in the Dungeon)

   It releases a powerful concussive burst when it strikes, dealing extra damage
   to the target and all other foes adjacent to them.
Armour
 b - a +0 scale mail
 c - a +0 buckler
 G - +5 fire dragon scales
 H - +5 gold dragon scales (worn)
 W - a +2 pair of boots of flying (worn)
Jewellery
 n - the ring of Tuwutesay (left hand) {rC+ Will+ rCorr Dex+6}
   (You found it in the Dungeon)

   [ring of dexterity]

   Dex:       It affects your dexterity (+6).
   rC:        It protects you from cold.
   rCorr:     It protects you from acid and corrosion.
   Will:      It increases your willpower.
 s - a ring of flight
 t - a +6 ring of dexterity
 u - a +6 ring of dexterity
 v - a +6 ring of intelligence
 w - a +6 ring of intelligence
 x - a +6 ring of strength
 y - a +6 ring of strength
 L - a ring of protection from cold
 M - the ring of Ibetroq {rC+ Will+}
   (You found it in the Dungeon)

   [ring of willpower]

   rC:        It protects you from cold.
   Will:      It increases your willpower.
 N - the ring "Miyl" {rC+ rCorr}
   (You found it in the Dungeon)

   [ring of resist corrosion]

   rC:        It protects you from cold.
   rCorr:     It protects you from acid and corrosion.
 O - the ring of the Meadowlark (right hand) {+Blink Fly Str+4 Dex+4 Stlth+}
   (You found it in the Dungeon)

   [ring of flight]

   Str:       It affects your strength (+4).
   Dex:       It affects your dexterity (+4).
   Fly:       It grants you flight.
   +Blink:    It lets you blink.
   Stlth:     It makes you more stealthy.
 P - a ring of see invisible
 S - the amulet "Isef" (around neck) {Reflect Dex+3 SH+5 Stlth+}
   (You found it in the Dungeon)

   [amulet of reflection]

   It reflects blocked missile attacks.
   Dex:       It affects your dexterity (+3).
   SH:        It affects your SH (+5).
   Stlth:     It makes you more stealthy.
 U - a +6 ring of dexterity
 V - a ring of ice
 X - a ring of magical power
Wands
 z - a wand of mindburst (7)
 A - a wand of iceblast (7)
 B - a wand of acid (7)
Scrolls
 j - 4 scrolls of blinking
 o - 4 scrolls of amnesia
 p - 7 scrolls of fog
 q - 5 scrolls of identify
 r - 2 scrolls of fear
 Y - a scroll of brand weapon
Potions
 d - 4 potions of might
 e - 10 potions of curing
 f - 5 potions of heal wounds
 g - 2 potions of haste
 h - 7 potions of magic
 i - 3 potions of berserk rage
 k - 2 potions of brilliance
 l - 2 potions of invisibility
 m - 4 potions of resistance
Miscellaneous
 C - a lightning rod (4/4)
 I - a tin of tremorstones (2/2) (quivered)
 J - a piece from Xom's chessboard (15/15)
 K - a box of beasts
 Q - a lightning rod (4/4)
 R - a phantom mirror
 T - a phial of floods


   Skills:
 * Level 20.4 Fighting
 - Level 4.2(13.6) Axes
 - Level 19.8(20.0) Maces & Flails
 + Level 15.7 Armour
 + Level 2.6 Dodging
 + Level 10.9 Shields
 + Level 3.5 Evocations


You had 10 spell levels left.
You didn't know any spells.
Your spell library contained the following spells:

 Spells                   Type           Power      Damage    Failure   Level
 Pain                     Necr           0%         1d4       100%        1
 Sublimation of Blood     Necr           0%         N/A       100%        2
 Wereblood                Tmut           0%         N/A       100%        2
 Gell's Gravitas          Tloc           0%         N/A       100%        3
 Lesser Beckoning         Tloc           0%         N/A       100%        3
 Teleport Other           Tloc           0%         N/A       100%        3
 Leda's Liquefaction      Hex/Erth       0%         N/A       100%        4
 Petrify                  Tmut/Erth      0%         N/A       100%        4
 Alistair's Intoxication  Tmut/Pois      0%         N/A       100%        5
 Borgnjor's Vile Clutch   Necr/Erth      0%         N/A       100%        5
 Metabolic Englaciation   Hex/Ice        0%         N/A       100%        5
 Conjure Ball Lightning   Conj/Air       0%         3x3d6     100%        6
 Dispersal                Tloc           0%         N/A       100%        6
 Eringya's Noxious Bog    Tmut/Pois      0%         N/A       100%        6
 Iron Shot                Conj/Erth      0%         9d1       100%        6
 Statue Form              Tmut/Erth      0%         N/A       100%        6
 Summon Hydra             Summ           0%         N/A       100%        7
 Discord                  Hex            0%         N/A       100%        8
 Disjunction              Tloc           0%         N/A       100%        8
 Shatter                  Erth           0%         3d5*      100%        9


Dungeon Overview and Level Annotations

Branches:
Dungeon (1/1)

Altars:
Ashenzari
Cheibriados
Dithmenos
Elyvilon
Fedhas
Gozag
Hepliaklqana
Kikubaaqudgha
Makhleb
Nemelex Xobeh
Okawaru
Qazlal
Ru
Sif Muna
Trog
Uskayaw
Vehumet
Wu Jian
Xom
Yredelemnul
Zin
The Shining One
Beogh
Jiyva
Lugonu


Innate Abilities, Weirdness & Mutations

You have a pair of horns on your head.
You reflexively headbutt those who attack you in melee.


Message History

The nargun hits you but does no damage.
The nargun bites you but does no damage.
The ball python simulacrum bites you but does no damage.
The ball python simulacrum constricts you.
The tormentor hits you but does no damage. x2
The hellion hits you but does no damage. x2
The ball python simulacrum bites you but does no damage.
The ball python simulacrum constricts you.
The nargun hits you!!
* * * LOW HITPOINT WARNING * * *
The nargun bites you.
* * * LOW HITPOINT WARNING * * *
The nargun freezes you! You resist.
* * * LOW HITPOINT WARNING * * *
The frost giant points at you and mumbles some strange words.
The bolt of cold hits the nargun.
The nargun completely resists.
The bolt of cold hits you!! You resist.
* * * LOW HITPOINT WARNING * * *
The tormentor hits you but does no damage. x2
The hellion hits you but does no damage. x2
The nargun hits you but does no damage. The nargun bites you.
* * * LOW HITPOINT WARNING * * *
The nargun freezes you!! You resist.
* * * LOW HITPOINT WARNING * * *
The ball python simulacrum bites you but does no damage.
The ball python simulacrum constricts you.
The frost giant gestures at you while chanting.
The bolt of cold hits the nargun.
The nargun completely resists.
The bolt of cold hits you. You resist.
* * * LOW HITPOINT WARNING * * *
The tormentor hits you but does no damage.
The tormentor hits you.
* * * LOW HITPOINT WARNING * * *
The hellion hits you but does no damage.
The hellion completely misses you.
The tormentor hits you but does no damage. x2
The ball python simulacrum bites you but does no damage.
The ball python simulacrum constricts you.
The nargun hits you but does no damage. The nargun bites you!
You die...

▓...8©8...
▓..|[Z)||.▓.....}[..
▓..["9W}..▓..)...[..
▓....9....▓.........
▓...22....▓.........
▓.........▓.........
▓§§W§☼§...▓.........
▓§Z22§☼§..▓.........
▓§☼@9C§○..▓.▓.....▓.
▓§§§2§§§..▓....©....
▓▓▓▓▓▓▓▓▓▓▓▓▓▓▓▓▓▓▓▓


You could see a frost giant, a nargun, a freezing wraith, 2 hellions, a
tormentor (inner flame) and a ball python simulacrum.

Vanquished Creatures
  2 shadow dragons (D)
  A nargun (D)
  7 vault guards (D)
  A centaur warrior (D)
  A sun demon (D)
  A soul eater (D)
  A vault sentinel (D)
  An ice devil (D)
  A hellwing (D)
  A slime creature (D)
  3 spriggans (D)
  A yak (D)
  A golden eye (D)
  A neqoxec (D)
  2 hell hounds (D)
  3 black bears (D)
  2 wolves (D)
  2 crimson imps (D)
  5 quasits (D)
  7 jellies (D)
  An iguana (D)
  An iron imp (D)
  A river rat (D)
  4 shadow imps (D)
  A spectral adder (D)
  An adder zombie (D)
  A spectral bat (D)
  2 bat skeletons (D)
  An endoplasm (D)
  2 jackals (D)
  A ball python simulacrum (D)
  A ball python zombie (D)
  A bat simulacrum (D)
  A jackal zombie (D)
  A quokka simulacrum (D)
  2 spectral giant cockroaches (D)
66 creatures vanquished.

Vanquished Creatures (collateral kills)
  A bat skeleton (D)
1 creature vanquished.

Grand Total: 67 creatures vanquished

Notes
Turn   | Place    | Note
-------+----------+-------------------------------------------
     0 | D        | greenreed the Minotaur Fighter began the quest for the Orb.
     0 | D        | Reached XP level 1. HP: 19/19 MP: 0/0
     0 | D        | Found a shimmering blue altar of Sif Muna.
     0 | D        | Found a sacrificial altar of Ru.
     0 | D        | Found a bloodstained altar of Trog.
     0 | D        | Found a stormy altar of Qazlal.
     0 | D        | Found an iron altar of Okawaru.
     0 | D        | Found a sparkling altar of Nemelex Xobeh.
     0 | D        | Found a blossoming altar of Fedhas.
     0 | D        | Found the +6 Majin-Bo {vamp, MP+6 Int+6}
     0 | D        | Found the +9 heavy crossbow "Sniper" {vorpal, Acc+∞ SInv}
     0 | D        | Found the +10 dark maul {vorpal}
     0 | D        | Found the +15 Maxwell's patent armour {-Cast -Tele rElec
                  | Will+ rCorr}
     0 | D        | Found the +18 shield of the Gong {rElec rN+ Will+ EV-5}
     0 | D        | Found the +14 obsidian axe {vorpal, Mesm Drain Fly SInv}
     0 | D        | Found the +7 great mace "Firestarter" {inner flame, rF++}
     0 | D        | Found the +6 shillelagh "Devastator" {shatter}
     0 | D        | Found the +11 plutonium sword {Contam Stlth-}
     0 | D        | Found the +8 lance "Wyrmbane" {slay drac, rPois rF+ rC+
                  | AC+3}
     0 | D        | Found the +9 sword of Zonguldrok {reap}
     0 | D        | Found the +13 scythe of Curses {drain, Drain}
     0 | D        | Found the +5 sword of Power {vorpal}
     0 | D        | Found the +7 mace of Variability {chain chaos}
     0 | D        | Found the +7 Singing Sword {vorpal, sonic wave}
     0 | D        | Found the +8 storm bow {elec, penet}
     2 | D        | Found a transporter.
     2 | D        | Found an ancient bone altar of Kikubaaqudgha.
     2 | D        | Found a viscous altar of Jiyva.
     2 | D        | Found a corrupted altar of Lugonu.
     2 | D        | Found a hazy altar of Hepliaklqana.
     2 | D        | Found a burning altar of Makhleb.
     2 | D        | Found an opulent altar of Gozag.
    61 | D        | Became a worshipper of the Wu Jian Council
    94 | D        | Reached skill level 6 in Fighting
    94 | D        | Reached XP level 2. HP: 30/30 MP: 1/1
    98 | D        | Entered arena 2.
    98 | D        | Noticed a hell hound
    98 | D        | Found a transporter.
   101 | D        | Killed a hell hound
   102 | D        | Reached skill level 7 in Fighting
   102 | D        | Reached XP level 3. HP: 31/40 MP: 2/2
   102 | D        | Reached XP level 4. HP: 37/48 MP: 3/3
   106 | D        | Entered arena 3.
   106 | D        | Found a transporter.
   112 | D        | Reached * piety under Wu Jian
   113 | D        | Reached skill level 8 in Fighting
   115 | D        | Reached XP level 5. HP: 39/55 MP: 4/4
   116 | D        | Reached skill level 5 in Maces & Flails
   120 | D        | Got the ring of Tuwutesay {rC+ Will+ rCorr Dex+6}
   215 | D        | Entered arena 4.
   215 | D        | Found a transporter.
   217 | D        | Reached ** piety under Wu Jian
   220 | D        | Reached skill level 9 in Fighting
   221 | D        | Reached XP level 6. HP: 63/63 MP: 5/5
   233 | D        | Entered arena 5.
   233 | D        | Noticed a hell hound
   233 | D        | Found a transporter.
   235 | D        | Reached *** piety under Wu Jian
   239 | D        | Killed a hell hound
   240 | D        | Reached skill level 10 in Fighting
   251 | D        | Entered arena 6.
   251 | D        | Noticed a yak
   251 | D        | Found a transporter.
   255 | D        | Killed a yak
   255 | D        | Reached **** piety under Wu Jian
   255 | D        | Reached ***** piety under Wu Jian
   256 | D        | Reached skill level 11 in Fighting
   256 | D        | Reached skill level 10 in Armour
   256 | D        | Reached XP level 7. HP: 66/74 MP: 6/6
   264 | D        | Entered arena 7.
   264 | D        | Noticed a sun demon
   265 | D        | Found a transporter.
   273 | D        | Killed a sun demon
   274 | D        | Reached skill level 12 in Fighting
   274 | D        | Reached skill level 10 in Maces & Flails
   274 | D        | Reached skill level 10 in Shields
   274 | D        | Reached XP level 8. HP: 18/85 MP: 7/7
   604 | D        | Entered arena 8.
   604 | D        | Noticed a slime creature
   606 | D        | Found a transporter.
   609 | D        | Reached skill level 13 in Fighting
   609 | D        | Killed a slime creature
   614 | D        | Got the ring of Ibetroq {rC+ Will+}
   616 | D        | Got the ring "Miyl" {rC+ rCorr}
   619 | D        | Entered arena 9.
   619 | D        | Noticed a hellwing
   619 | D        | Noticed an ice devil
   620 | D        | Found a transporter.
   626 | D        | Killed a hellwing
   626 | D        | Reached ****** piety under Wu Jian
   627 | D        | Reached XP level 9. HP: 89/94 MP: 8/8
   627 | D        | Killed an ice devil
   628 | D        | Reached skill level 14 in Fighting
   635 | D        | Got the ring of the Meadowlark {+Blink Fly Str+4 Dex+4
                  | Stlth+}
   696 | D        | Entered arena 10.
   699 | D        | Found a transporter.
   700 | D        | Reached skill level 15 in Maces & Flails
   711 | D        | Got the amulet "Isef" {Reflect Dex+3 SH+5 Stlth+}
   720 | D        | Entered arena 11.
   720 | D        | Noticed a vault guard
   720 | D        | Noticed a vault sentinel
   720 | D        | Noticed a vault guard
   720 | D        | Noticed a vault guard
   720 | D        | Noticed a vault guard
   720 | D        | Noticed a vault guard
   720 | D        | Noticed a vault guard
   720 | D        | Noticed a vault guard
   720 | D        | Noticed a centaur warrior
   722 | D        | Found a transporter.
   723 | D        | Killed a centaur warrior
   724 | D        | Reached skill level 15 in Fighting
   724 | D        | Reached skill level 1 in Evocations
   726 | D        | HP: 4/97 [vault guard/+0 glaive (5)]
   730 | D        | Killed a vault guard
   730 | D        | Reached XP level 10. HP: 21/106 MP: 9/9
   730 | D        | Killed a vault guard
   736 | D        | Killed a vault guard
   736 | D        | Killed a vault sentinel
   736 | D        | HP: 3/107 [vault guard/+0 glaive (10)]
   737 | D        | Reached skill level 16 in Fighting
   737 | D        | Killed a vault guard
   737 | D        | HP: 1/108 [spore (3)]
   741 | D        | Killed a vault guard
   741 | D        | Killed a vault guard
   742 | D        | Reached skill level 17 in Fighting
   742 | D        | Reached XP level 11. HP: 46/118 MP: 10/10
   742 | D        | Killed a vault guard
   743 | D        | Reached skill level 18 in Fighting
  1015 | D        | Entered arena 12.
  1015 | D        | Noticed a shadow dragon
  1018 | D        | Noticed a shadow dragon
  1018 | D        | Noticed a soul eater
  1019 | D        | Found a transporter.
  1026 | D        | Killed a shadow dragon
  1032 | D        | Killed a shadow dragon
  1033 | D        | Reached skill level 19 in Fighting
  1033 | D        | Reached skill level 15 in Armour
  1034 | D        | Killed a soul eater
  1049 | D        | Got the Handbook of Necromancy and the Mountains
  1201 | D        | Entered arena 13.
  1201 | D        | Noticed a frost giant
  1201 | D        | Noticed a nargun
  1202 | D        | Noticed a nargun
  1210 | D        | Killed a nargun
  1211 | D        | Reached skill level 20 in Fighting
  1217 | D        | HP: 4/126 [nargun (9)]
  1218 | D        | HP: 1/126 [tormentor (3)]
  1218 | D        | Mangled by a nargun

Illustrated notes

Levels and vault maps discovered:
D:        sprint_v [room_start, room_1, room_2, room_3, room_4, room_5, room_6,
          room_7, room_8, room_9, room_10, room_11, room_12, room_13, room_14,
          room_15, room_16, room_17, room_18, room_19, room_20, room_21,
          room_22, room_23, room_24, room_25, room_26, room_27]

Skill      XL: |  1  2  3  4  5  6  7  8  9 10 11 |
---------------+----------------------------------+-----
Fighting       | 6 7 8 9 11 12 13 15 17 20 | 20.4
Maces & Flails | 4 5 8 10 13 17 19 | 19.8
Armour         | 4 7 8 10 11 12 13 15 | 15.7
Dodging        | 2 |  2.6
Shields        | 4 7 8 9 10 | 10.9
Axes           | 3 4 |  4.2
Evocations     | 1 2 3 |  3.5

Action                   |  1- 3 |  4- 6 |  7- 9 | 10-12 || total
-------------------------+-------+-------+-------+-------++-------
Melee: Great mace        |     2 |    20 |    40 |    34 ||    96
       Headbutt          |       |     4 |     4 |     6 ||    14
Invok: Whirlwind         |       |       |    21 |     7 ||    28
       Lunge             |       |       |     5 |       ||     5
       Heavenly Storm    |       |       |     2 |     2 ||     4
       Serpent's Lash    |       |       |     1 |       ||     1
 Abil: Wall Jump         |       |       |       |     1 ||     1
Evoke: Tin of tremorston |       |       |     3 |       ||     3
       Box of beasts     |       |       |     1 |       ||     1
       Phantom mirror    |       |       |       |     2 ||     2
  Use: Potion            |     3 |       |     5 |     4 ||    12
Armor: Gold dragon scale |     2 |    41 |    63 |    68 ||   174
Dodge: Dodged            |       |    17 |    20 |    14 ||    51
Block: Other             |       |       |       |     2 ||     2

Table legend: (Time is in decaauts)
 A = Elapsed time spent in this place.
 B = Non-inter-level travel time spent in this place.
 C = Inter-level travel time spent in this place.
 D = Time resting spent in this place.
 E = Time spent auto-exploring this place.
 F = Levels seen in this place.
 G = Mean time per level.
                   A        B        C        D        E       F      G
               +--------+--------+--------+--------+--------+-----+--------+
         Total |   1166 |   1148 |     18 |    787 |     12 |   1 | 1166.0 |
       Dungeon |   1166 |   1148 |     18 |    787 |     12 |   1 | 1166.0 |
               +--------+--------+--------+--------+--------+-----+--------+

Top non-repeatable levels by time:
       D: 1166 daAuts
